 Dungeon Crawl Stone Soup version 0.22.1-2-g9c5b331 (webtiles) character file.

497 HoaS the Ruffian (level 7, -1/44 HPs)
             Began as a Gargoyle Berserker on Dec 27, 2018.
             Was a Priest of Trog.
             Slain by an iguana (9 damage)
             ... on level 4 of the Dungeon.
             The game lasted 00:14:12 (3671 turns).

HoaS the Ruffian (Gargoyle Berserker)               Turns: 3671, Time: 00:14:13

Health: -1/44      AC: 10    Str: 21    XL:     7   Next: 16%
Magic:  7/7        EV: 11    Int:  7    God:    Trog [***...]
Gold:   191        SH:  0    Dex: 11    Spells: 6/6 levels left

rFire    . . .     SeeInvis .     - Unarmed
rCold    . . .     Gourm    .   (no shield)
rNeg     + . .     Faith    .   n - +0 ring mail
rPois    ∞         Spirit   .   (no helmet)
rElec    +         Reflect  .   (no cloak)
rCorr    .         Harm     .   (no gloves)
MR       ++...                  (no boots)
Stlth    +.........             (no amulet)
HPRegen  1.14/turn              (no ring)
MPRegen  0.10/turn              (no ring)

@: berserk cooldown, regenerating, slowed, very slow
A: negative energy resistance 1, electricity resistance, unbreathing,
petrification resistance, rot immunity, AC +4
a: Berserk, Trog's Hand, Renounce Religion


You were on level 4 of the Dungeon.
You worshipped Trog.
Trog was most pleased with you.
You were near starving.

You visited 1 branch of the dungeon, and saw 4 of its levels.

You collected 191 gold pieces.

Inventory:

Armour
 n - a +0 ring mail (worn)
Jewellery
 c - a cursed ring of teleportation {unknown}
 e - a cursed amulet of inaccuracy {unknown}
 g - an uncursed ring of ice {unknown}
Scrolls
 k - 3 scrolls of blinking
 m - a scroll of teleportation {unknown}
 o - a scroll of remove curse
Potions
 a - a potion of lignification {unknown}
 d - a potion of flight {unknown}
 h - a potion of heal wounds {unknown}
 i - a potion of might {unknown}
 j - 3 potions of agility {unknown}
 l - a potion of resistance {unknown}
Comestibles
 b - 11 rations
 f - 10 chunks of flesh


   Skills:
 * Level 4.7 Fighting
 + Level 3.2 Armour
 + Level 2.4 Dodging
 + Level 2.4 Stealth
 * Level 6.0 Unarmed Combat


You had 6 spell levels left.
You didn't know any spells.
Your spell library was empty.

Dungeon Overview and Level Annotations

Branches:
Dungeon (4/15)
 Temple: D:4-7

Altars:
Ru
Wu Jian
The Shining One


Innate Abilities, Weirdness & Mutations

You are resistant to torment.
Your stone body is resilient. (AC +4)
You are immune to poison.
You resist negative energy. (rN+)
You are resistant to electric shocks. (rElec)
You can survive without breathing.
You are immune to petrification.
You are immune to rotting.


Message History

The orc priest invokes the aid of Beogh against you.
You resist with almost no effort. The orc wizard closely misses you.
You barely miss the orc priest.
The orc priest is moderately wounded.
The orc wizard hits you but does no damage.
The orc priest hits you but does no damage.
The orc wizard hits you but does no damage.
You closely miss the orc priest.
The orc priest is moderately wounded.
The orc wizard casts a spell at you. The puff of flame misses you.
The orc priest closely misses you. The orc wizard closely misses you.
You hit the orc priest.
The orc priest is heavily wounded.
You feel the effects of Trog's Hand fading.
The orc wizard points at you and mumbles some strange words.
The magic dart hits you!
* * * LOW HITPOINT WARNING * * *
The iguana bites you!
You die...

........#
#......'......
########.#
#.#....#......
#........#
#.#....#...
#.####.########
#.#.#### ..
#......#......# #.#.#
#..#.......##.###.#.#
# #.###.#.##...#.#.#
#. ...#.####.#o#.##
.....##.# #.o@††..#
...... #.#
#.l#.†....... ######.
#.# #..##........ ..
#.# #..#####.....
#... ..... #.## ....
#. ... ## ...


You could see an iguana, an orc priest and an orc wizard.

Vanquished Creatures
  An ogre (D:4)
  A hound (D:4)
  2 orc priests (D:4)
  An iguana (D:4)
  An orc wizard (D:4)
  2 worker ants (D:4)
  A hound skeleton (D:4)
  4 gnolls (D:3)
  6 adders
  An ooze (D:3)
  An adder skeleton (D:4)
  2 worms (D:2)
  A dart slug (D:1)
  5 leopard geckos
  11 orcs
  9 bats
  4 giant cockroaches
  6 goblins
  8 hobgoblins
  8 jackals
  10 kobolds
  6 frilled lizards
  6 rats
97 creatures vanquished.

Notes
Turn   | Place    | Note
-------+----------+-------------------------------------------
     0 | D:1      | HoaS the Gargoyle Berserker began the quest for the Orb.
     0 | D:1      | Reached XP level 1. HP: 14/14 MP: 1/1
    86 | D:1      | Reached XP level 2. HP: 18/19 MP: 2/2
   575 | D:1      | Reached skill level 4 in Unarmed Combat
   731 | D:1      | Reached XP level 3. HP: 23/23 MP: 3/3
   860 | D:2      | Reached ** piety under Trog
  1695 | D:2      | Found a faded altar of an unknown god.
  1740 | D:2      | Reached XP level 4. HP: 27/28 MP: 4/4
  2043 | D:3      | Reached skill level 5 in Unarmed Combat
  2259 | D:3      | Found a glowing golden altar of the Shining One.
  2259 | D:3      | Found a sacrificial altar of Ru.
  2262 | D:3      | Found an ornate altar of the Wu Jian Council.
  2373 | D:3      | Reached *** piety under Trog
  2414 | D:3      | Reached XP level 5. HP: 30/32 MP: 5/5
  2688 | D:3      | Reached skill level 1 in Stealth
  3066 | D:4      | Reached XP level 6. HP: 37/38 MP: 6/6
  3642 | D:4      | Reached XP level 7. HP: 44/44 MP: 7/7
  3652 | D:4      | Reached skill level 6 in Unarmed Combat
  3671 | D:4      | Slain by an iguana

Skill      XL: |  1  2  3  4  5  6  7 |
---------------+----------------------+-----
Unarmed Combat | 4 5 6 |  6.0
Stealth        | 1 2 |  2.4
Dodging        | 2 |  2.4
Fighting       | 4 |  4.7
Armour         | 3 |  3.2

Action                   |  1- 3 |  4- 6 |  7- 9 || total
-------------------------+-------+-------+-------++-------
Melee: Unarmed           |   168 |   284 |    24 ||   476
       Punch             |       |     6 |       ||     6
Invok: Berserk           |       |     1 |       ||     1
       Trog's Hand       |       |       |     1 ||     1
  Use: Scroll            |     6 |     2 |       ||     8
  Eat: Chunk             |     3 |     6 |       ||     9
Armor: Animal skin       |    18 |       |       ||    18
       Leather armour    |    37 |       |       ||    37
       Scale mail        |     5 |   102 |       ||   107
       Ring mail         |       |     9 |    30 ||    39
Dodge: Dodged            |   113 |   129 |    33 ||   275
